 Dungeon Crawl Stone Soup version 0.27.0-1-g7a089689b8 (webtiles) character file.

Game seed: 15473157903183174349

495 sasquatch the Covert (level 7, -3/45 HPs)
             Began as an Octopode Brigand on Aug 6, 2021.
             Was a Follower of Vehumet.
             Slain by an ogre (28 damage)
             ... on level 5 of the Dungeon.
             The game lasted 00:07:13 (5229 turns).

sasquatch the Covert (Octopode Brigand)             Turns: 5229, Time: 00:07:14

Health: -3/45      AC:  1    Str: 11    XL:     7   Next: 15%
Magic:  3/7        EV: 12    Int: 13    God:    Vehumet [*.....]
Gold:   185        SH:  5    Dex: 15    Spells: 5/6 levels left

rFire    + . .     SeeInvis .   a - +2 dagger
rCold    x . .     Faith    .   (no shield)
rNeg     . . .     Spirit   .   (helmet restricted)
rPois    .         Reflect  +   q - amulet of reflection
rElec    .         Harm     .   k - ring of fire
rCorr    .         Rampage  .   (no ring)
Will     .....                  (no ring)
Stlth    +++++.....             (no ring)
HPRegen  0.15/turn              (no ring)
MPRegen  0.10/turn              (no ring)
                                (no ring)
                                (no ring)

@: no status effects
A: almost no armour, amphibious, 8 rings, camouflage 1, gelatinous body 1,
(nimble swimmer 1), tentacles
a: Renounce Religion


You were on level 5 of the Dungeon.
You worshipped Vehumet.
Vehumet was aware of your devotion.
You visited 1 branch of the dungeon, and saw 5 of its levels.

You collected 185 gold pieces.

Inventory:

Hand Weapons
 a - a +2 dagger (weapon)
 j - a +0 trident
Missiles
 b - 14 poisoned darts
 c - a curare-tipped dart
Armour
 s - a +0 tower shield
Jewellery
 k - a ring of fire (left tentacle)
 q - an amulet of reflection (around mantle)
Scrolls
 d - 3 scrolls of vulnerability {unknown}
 e - 4 scrolls of identify {unknown}
 g - 2 scrolls of holy word {unknown}
 h - 3 scrolls of magic mapping {unknown}
 i - a scroll of immolation {unknown}
 l - a scroll of brand weapon {unknown}
 m - a scroll of noise {unknown}
 n - a scroll of teleportation {unknown}
 p - a scroll of enchant armour {unknown}
Potions
 f - 2 potions of curing {unknown}
 o - a potion of lignification {unknown}
 r - 2 potions of brilliance {unknown}


   Skills:
 - Level 2.0 Fighting
 + Level 5.0 Short Blades
 - Level 2.0 Throwing
 - Level 1.0 Dodging
 + Level 8.5 Stealth
 * Level 2.8 Fire Magic


You had 5 spell levels left.
You knew the following spells:

 Your Spells              Type           Power      Damage    Failure   Level
a - Foxfire               Conj/Fire      20%        2x1d5     19%         1

Your spell library contained the following spells:

 Spells                   Type           Power      Damage    Failure   Level
 Corona                   Hex            0%         N/A       30%         1
 Ensorcelled Hibernation  Hex/Ice        0%         N/A       43%         2
 Call Canine Familiar     Summ           0%         N/A       67%         3
 Portal Projectile        Hex/Tloc       0%         N/A       67%         3
 Tukima's Dance           Hex            0%         N/A       67%         3
 Leda's Liquefaction      Hex/Erth       0%         N/A       97%         4
 Borgnjor's Revivificati  Necr           0%         N/A       100%        8
 Necromutation            Tmut/Necr      0%         N/A       100%        8
 Death's Door             Necr           0%         N/A       100%        9


Dungeon Overview and Level Annotations

Branches:
Dungeon (5/15)
 Temple: D:4-7

Altars:
Vehumet


Innate Abilities, Weirdness & Mutations

You cannot wear most types of armour.
You are amphibious.
You can wear up to eight rings at the same time.
Your skin changes colour to match your surroundings (Stealth+).
Your rubbery body absorbs attacks. (AC +1, EV +1)
((You are camouflaged near water. (Stealth+)))
You have tentacles for arms and can constrict up to eight enemies at once.


Message History

Press: ? - help, Q - select action, (/) - cycle Dir - look around, f - activate You feel a surge of power!
You conjure some foxfire!
Casting: Foxfire (safe; 19% risk of failure)
Press: ? - help, Q - select action, (/) - cycle Dir - look around, f - activate You feel a surge of power!
You conjure some foxfire!
The foxfire hits the ogre.
The ogre is lightly wounded.
The foxfire hits the ogre.
The ogre is moderately wounded.
The foxfire hits the ogre.
The ogre is moderately wounded.
The foxfire hits the ogre.
The ogre is moderately wounded.
Casting: Foxfire (safe; 19% risk of failure)
Press: ? - help, Q - select action, (/) - cycle Dir - look around, f - activate You feel a surge of power!
You miscast Foxfire.
You are very lightly contaminated with residual magic.
Nothing appears to happen.
Casting: Foxfire (safe; 19% risk of failure)
Press: ? - help, Q - select action, (/) - cycle Dir - look around, f - activate You feel a surge of power!
You conjure some foxfire!
The foxfire hits the ogre.
The ogre is moderately wounded.
The foxfire hits the ogre but does no damage.
The ogre is moderately wounded.
You hit the ogre.
The ogre is heavily wounded.
The ogre barely misses you.
You hit the ogre. Your squeeze misses the ogre.
The ogre is severely wounded.
You barely miss the ogre.
The ogre is severely wounded.
The ogre hits you with a +0 giant club!!
Your magical contamination has completely faded away.
Casting: Foxfire (safe; 19% risk of failure)
Press: ? - help, Q - select action, (/) - cycle Dir - look around, f - activate You feel a surge of power!
You conjure some foxfire!
The ogre hits you with a +0 giant club!!
Ouch! That really hurt!
You die...

... ... ... ..... # .....#
.## .....# .... .....#
####...." .....#
######........ .....#
######.v@O.........
#....####.......v########..
#.........#######
##...###### #..### ##.##
#..# #.## ..#


You could see an ogre (ally target).

Vanquished Creatures
  2 scorpions
  A bullfrog zombie (D:5)
  A jelly (D:5)
  2 orc priests (D:3)
  2 iguanas
  An orc wizard (D:4)
  4 gnolls (D:2)
  5 adders
  An adder skeleton (D:4)
  3 worms
  11 orcs
  5 bats
  5 endoplasms
  3 giant cockroaches
  2 goblins
  6 hobgoblins
  6 jackals
  4 kobolds
  4 quokkas (D:2)
  6 ball pythons
  3 frilled lizards
77 creatures vanquished.

Vanquished Creatures (others)
  24 foxfires (D:5)
  A fungus (D:3)
  8 plants (D:2)
33 creatures vanquished.

Grand Total: 110 creatures vanquished

Notes
Turn   | Place    | Note
-------+----------+-------------------------------------------
     0 | D:1      | sasquatch the Octopode Brigand began the quest for the Orb.
     0 | D:1      | Reached XP level 1. HP: 14/14 MP: 1/1
   456 | D:1      | Reached XP level 2. HP: 19/19 MP: 2/2
  1286 | D:2      | Reached skill level 6 in Stealth
  1445 | D:2      | Reached XP level 3. HP: 24/24 MP: 3/3
  1877 | D:2      | Reached XP level 4. HP: 27/29 MP: 4/4
  2017 | D:2      | Reached skill level 7 in Stealth
  2302 | D:3      | Reached XP level 5. HP: 34/34 MP: 5/5
  3019 | D:3      | Reached XP level 6. HP: 39/39 MP: 6/6
  3258 | D:3      | Found a faded altar of an unknown god.
  3268 | D:3      | Became a worshipper of Vehumet
  3268 | D:3      | Reached * piety under Vehumet
  3268 | D:3      | Offered knowledge of Foxfire by Vehumet.
  3402 | D:3      | Learned a level 1 spell: Foxfire
  3888 | D:4      | Reached skill level 8 in Stealth
  4106 | D:4      | Reached skill level 1 in Fire Magic
  4483 | D:5      | Entered Level 5 of the Dungeon
  4756 | D:5      | Reached XP level 7. HP: 12/45 MP: 3/7
  4760 | D:5      | Reached skill level 5 in Short Blades
  5229 | D:5      | Slain by an ogre

Illustrated notes

Levels and vault maps discovered:
D:1:      sevenhm_arrival_forest_fort_small_5, layout_basic
D:2:      wad_woods_settlement, layout_basic
D:3:      layout_basic, shapermc_ecumenical_altar_mp_ritualfount,
          minmay_quadrilaterals
D:4:      layout_basic
D:5:      layout_cave_pods, feat_on_display, uniq_pikel

Skill      XL: |  1  2  3  4  5  6  7 |
---------------+----------------------+-----
Stealth        | 6 7 8 |  8.5
Short Blades   | 3 4 5 |  5.0
Fire Magic     | 2 |  2.8
Fighting       | |  2.0
Throwing       | |  2.0
Dodging        | |  1.0

Action                   |  1- 3 |  4- 6 |  7- 9 || total
-------------------------+-------+-------+-------++-------
Melee: Dagger            |    44 |    94 |     6 ||   144
       Constrict         |     9 |    21 |     2 ||    32
       Tentacles         |     3 |    23 |     2 ||    28
       Trident           |     8 |       |       ||     8
Throw: Dart              |     5 |    10 |       ||    15
 Cast: Foxfire           |       |     8 |    10 ||    18
 Stab: Sleeping          |    11 |    16 |       ||    27
       Distracted        |     1 |     3 |       ||     4
Armor: Skin              |     3 |     5 |       ||     8
Dodge: Dodged            |    18 |    43 |     2 ||    63
Block: Other             |       |     5 |       ||     5
